 Dungeon Crawl Stone Soup version 0.30-a0-965-g42e074c17a (webtiles) character file.

Game seed: 6290996083425134831

375 billz999 the Magician (level 7, -1/50 HPs)
             Began as a Djinni Cinder Acolyte on Mar 30, 2023.
             Was an Elder of Ignis.
             Killed by divine providence
             ... invoked by an orc priest
              (11 damage)
             ... on level 4 of the Dungeon.
             The game lasted 00:06:10 (2741 turns).

billz999 the Magician (Djinni Cinder Acolyte)       Turns: 2741, Time: 00:06:10

Health: -1/50      AC:  3    Str: 13    XL:     7   Next: 3%
Gold:   124        EV: 11    Int: 18    God:    Ignis [****..] SH:  0 Dex: 11

rFire   + + +      SeeInvis .    a - -1 spear (flame)
rCold   x . .      Faith    .    (no shield)
rNeg    . . .      Spirit   .    b - +0 robe
rPois   ∞          Reflect  .    (no helmet)
rElec   .          Rampage  .    (no cloak)
rCorr   .                        h - +0 pair of gloves {Dex+3}
Will    +....                    (boots unavailable)
Stlth   +                        (no amulet)
HPRegen 0.28/turn                o - ring of willpower
MPRegen 0.00/turn                (no ring)

@: flying
A: sickness immunity, fire resistance 2, cold vulnerability 1, float, innate
caster, HP casting, extra vitality 1
a: Renounce Religion, Fiery Armour, Foxfire Swarm, Rising Flame


You were on level 4 of the Dungeon.
You worshipped Ignis.
Ignis was greatly pleased with you.
You visited 1 branch of the dungeon, and saw 4 of its levels.

You collected 157 gold pieces.
You spent 33 gold pieces at shops.

Inventory:

Hand Weapons
 a - a -1 spear of flaming (weapon)
Armour
 b - a +0 robe (worn)
 e - a +0 pair of boots
 h - a +0 pair of gloves of dexterity (worn)
Magical Staves
 q - a staff of conjuration
Jewellery
 o - a ring of willpower (left hand)
Scrolls
 c - a scroll of fear
 g - a scroll of vulnerability
 i - a scroll of silence
 n - a scroll of noise
 p - a scroll of blinking
Potions
 d - a potion of might {unknown}
 f - a potion of curing {unknown}
 j - a potion of lignification {unknown}
 k - a potion of degeneration {unknown}
 l - a potion of heal wounds {unknown}
 m - a potion of attraction {unknown}
 r - a potion of haste {unknown}


   Skills:
 - Level 3.0 Fighting
 - Level 2.4 Polearms
 + Level 5.6 Spellcasting


You knew the following spells:

 Your Spells              Type           Power      Damage    Failure   Level
a - Scorch                Fire           50%        2d8       1%          2
b - Apportation           Tloc           50%        N/A       1%          1
c - Blink                 Tloc           50%        N/A       1%          2
d - Poisonous Vapours     Pois/Air       50%        N/A       1%          2
Your spell library was empty.

Dungeon Overview and Level Annotations

Branches:
Dungeon (4/15)
 Temple: D:4-7

Altars:

Shops:
D:4 ?

Annotations:
D:4 Pikel


Innate Abilities, Weirdness & Mutations

You are immune to sickness and miasma.
You are immune to poison.
Your flesh is very heat resistant. (rF++)
You are vulnerable to cold. (rC-)
You float through the air rather than walking.
You learn spells naturally, not from books.
Your magical power is your life essence.
You have superior vitality. (+4 MHP)


Message History

Aim: an orc priest, wielding a +0 mace and wearing a +0 scale mail (moderately wounded, extremely poisoned)
Okay, then.
Casting: Poisonous Vapours (safe; 1% risk of failure)
Confirm with . or Enter, or press ? or * to list all spells.
Aiming: Poisonous Vapours (safe; 1% risk of failure)
Press: ? - help, Dir - move target, f/p - orc priest
Aim: an orc priest, wielding a +0 mace and wearing a +0 scale mail (moderately wounded, extremely poisoned)
Okay, then.
The orc priest attacks as you move away!
The orc priest hits you with a +0 mace.
* * * LOW HITPOINT WARNING * * *
You barely miss the orc priest.
The orc priest is heavily wounded.
The orc priest hits you with a +0 mace.
* * * LOW HITPOINT WARNING * * *
You aren't carrying any items that you can evoke.
You hit the orc priest. You burn the orc priest.
The orc priest is heavily wounded.
The orc priest hits you with a +0 mace.
* * * LOW HITPOINT WARNING * * *
Casting: Poisonous Vapours (safe; 1% risk of failure)
Confirm with . or Enter, or press ? or * to list all spells.
Okay, then.
You see here a quokka corpse.
Activating: Foxfire Swarm
Press: ? - help, Dir - look around, f - activate Flames leap up around you!
The orc priest hits you with a +0 mace.
* * * LOW HITPOINT WARNING * * *
The foxfire hits the sleepcap but does no damage.
You hit the orc priest but do no damage.
The orc priest is severely wounded.
The foxfire hits the orc priest but does no damage.
The orc priest is almost dead.
The foxfire hits the orc priest.
The orc priest is almost dead.
The foxfire hits the orc priest but does no damage.
The orc priest is almost dead.
The orc priest mumbles some strange prayers to Beogh against you.
Beogh smites you!
You die...

###+#
#########
r5f∩+
#§vof...#
g##+#
#v@♣♣♣..#
.##.# #§♣#
#♣)# r...#.
#§♣ ♣)##
........
[.♣ ♣..#
###..###
##.. ♣...#
..# #..
..†..# K5#
#..#......
.#
##...#####.
># ..#S .#


You could see a sleepcap and an orc priest (very poisoned, ally target).

Vanquished Creatures
  A phantom (D:4)
  A bullfrog (D:4)
  A scorpion (D:4)
  A gnoll bouda (D:4)
  An orc priest (D:4)
  3 adders
  An ufetubus (D:4)
  4 worms
  2 dart slugs
  5 orcs
  3 ball pythons
  2 bats (D:2)
  9 endoplasms
  4 giant cockroaches (D:3)
  7 hobgoblins
  6 jackals (D:2)
  3 kobolds
  6 quokkas
  4 frilled lizards
  A goblin (D:2)
  6 rats
71 creatures vanquished.

Vanquished Creatures (others)
  21 foxfires
21 creatures vanquished.

Grand Total: 92 creatures vanquished

Notes
Turn   | Place    | Note
-------+----------+-------------------------------------------
     0 | D:1      | billz999 the Djinni Cinder Acolyte began the quest for the
                  | Orb.
     0 | D:1      | billz999 set off with the following spells memorised:
                  | Scorch.
     0 | D:1      | Reached XP level 1. HP: 20/20 MP: 0/0
   172 | D:1      | Reached XP level 2. HP: 20/25 MP: 0/0
   525 | D:1      | You are sucked into a shaft and drop 1 floor!
   532 | D:2      | Reached skill level 3 in Spellcasting
   700 | D:2      | Reached XP level 3. HP: 24/30 MP: 0/0
   700 | D:2      | Learned a level 1 spell: Apportation
   896 | D:2      | Reached XP level 4. HP: 21/35 MP: 0/0
  2095 | D:3      | Reached skill level 4 in Spellcasting
  2213 | D:3      | Reached XP level 5. HP: 38/40 MP: 0/0
  2213 | D:3      | Learned a level 2 spell: Blink
  2413 | D:4      | Noticed a bullfrog
  2416 | D:4      | Killed a bullfrog
  2523 | D:4      | Noticed a phantom
  2525 | D:4      | Reached skill level 5 in Spellcasting
  2525 | D:4      | Reached XP level 6. HP: 28/46 MP: 0/0
  2541 | D:4      | Noticed Pikel
  2545 | D:4      | Found Zeyv Aho's Magic Scroll Emporium.
  2548 | D:4      | Bought a scroll of teleportation for 33 gold pieces
  2727 | D:4      | Reached XP level 7. HP: 41/50 MP: 0/0
  2727 | D:4      | Learned a level 2 spell: Poisonous Vapours
  2741 | D:4      | Killed from afar by an orc priest

Illustrated notes

Levels and vault maps discovered:
D:1:      matt_arrival_los_fun, layout_basic, nicolae_figureground_pulse
D:2:      layout_basic
D:3:      minmay_bubble_buster, layout_loops_ring
D:4:      layout_loops_ring, mainiacjoe_overflow_six_doors_small,
          gammafunk_ghost_nasty_kobolds, serial_shops,
          nicolae_shop_behind_doors, dreamdust_princess_bridge,
          minmay_stone_trees_small, minmay_circle_x, uniq_pikel

Skill      XL: |  1  2  3  4  5 |
---------------+----------------+-----
Spellcasting   | 3 4 5 |  5.6
Fighting       | |  3.0
Polearms       | |  2.4

Action                     |  1- 3 |  4- 6 |  7- 9 || total
---------------------------+-------+-------+-------++-------
  Melee: Spear             |    32 |    16 |     3 ||    51
   Cast: Scorch            |    24 |    59 |     1 ||    84
         Poisonous Vapours |       |       |     3 ||     3
         Blink             |       |       |     1 ||     1
 Invoke: Foxfire Swarm     |     1 |     1 |     1 ||     3
    Use: Scroll            |       |     9 |       ||     9
   Stab: Sleeping          |     1 |       |       ||     1
 Armour: Robe              |     4 |     3 |       ||     7
  Dodge: Dodged            |    15 |    23 |       ||    38

Table legend: (Time is in decaauts)
 A = Elapsed time spent in this place.
 B = Non-inter-level travel time spent in this place.
 C = Inter-level travel time spent in this place.
 D = Time resting spent in this place.
 E = Time spent auto-exploring this place.
 F = Levels seen in this place.
 G = Mean time per level.
                   A        B        C        D        E       F      G
               +--------+--------+--------+--------+--------+-----+--------+
         Total |   2738 |   2673 |     65 |    391 |   1922 |   4 |  684.5 |
       Dungeon |   2738 |   2673 |     65 |    391 |   1922 |   4 |  684.5 |
               +--------+--------+--------+--------+--------+-----+--------+

Top non-repeatable levels by time:
     D:2: 986 daAuts
     D:3: 896 daAuts
     D:1: 524 daAuts
     D:4: 330 daAuts
